[Event "NJSK 2024 B"]
[Site "Groningen, Netherlands"]
[Date "2024.05.03"]
[Round "7.4"]
[White "Kshirsagar, Pranav"]
[Black "Van Batenburg, Mees"]
[Result "0-1"]
[TimeControl "90min/40moves + 30min + 30sec/move"]
[WhiteElo "1957"]
[BlackElo "2110"]

1. d4 e6 2. c4 f5 3. Nf3 Nf6 4. g3 Be7 5. Bg2 d6 6. O-O O-O 7. Nc3 Ne4 8. Nxe4 fxe4 9. Nd2 d5 10.
b3 Bf6 11. Bb2 c5 12. cxd5 exd5 13. e3 Nc6 14. Nb1 cxd4 15. exd4 Qb6 16. Nc3 Qxd4 17. Qh5 Qd2 18. Na4 Qa5 19.
Rad1 Be6 20. Qe2 Ne5 21. Bxe5 Bxe5 22. f3 b5 23. fxe4 Rxf1+ 24. Bxf1 bxa4 25. exd5 Qc5+ 26. Kh1 Bxd5+ 27. Rxd5 Qxd5+ 28. Bg2 Qd8 29. Qc4+ Kh8 30. Bxa8 Qxa8+ 31. Kg1 axb3 32. axb3 h6 33. Qd3 Bc7 34. h4 Qc6 35. Kh2 Qd6 36.
Qf3 Qf6 37. Qa8+ Kh7 38. Kg2 Qg6 39. Qf3 h5 40. Kh2 a5 41. Kg2 Qxg3+ 42. Qxg3 Bxg3 43. Kxg3 Kg6 44. Kf4 Kf6 45. Ke4 g5 0-1

[Event "NJSK 2024 B"]
[Site "Groningen, Netherlands"]
[Date "2024.05.03"]
[Round "7.5"]
[White "Zhu, Chenwu"]
[Black "Heus, Daan"]
[Result "1-0"]
[TimeControl "90min/40moves + 30min + 30sec/move"]
[WhiteElo "2020"]
[BlackElo "1921"]

1. e4 e5 2. Nf3 Nc6 3. Nc3 Nf6 4. d4 exd4 5. Nxd4 Bb4 6. Nxc6 bxc6 7. Bd3 d5 8. exd5 cxd5 9. O-O O-O 10.
Bg5 c6 11. Qf3 Bd6 12. h3 Rb8 13. Rab1 h6 14. Bf4 Be6 15. Ne2 c5 16. c3 Re8 17. Rfe1 Ne4 18. b3 a5 19. Rbd1 Ng5 20.
Qg3 Bxf4 21. Nxf4 Qc7 22. h4 Nh7 23. Bxh7+ Kxh7 24. Qd3+ Kg8 25. Nxd5 Bxd5 26. Rxe8+ Rxe8 27. Qxd5 Re2 28.
a4 Qe7 29. Qd8+ Qxd8 30. Rxd8+ Kh7 31. c4 Rb2 32. Rb8 Kg6 33. Rb5 Kf6 34. Rxa5 Rxb3 35. Rxc5 Rb4 36. a5 Ra4 37. Kf1 Ke6 38.
Ke2 Kd6 39. Rd5+ Kc6 40. Kd3 Ra2 41. Rf5 f6 42. h5 Kd6 43. Kc3 Ke6 44. g4 Kf7 45. Kb4 g6 46. hxg6+ Kxg6 47. f3 Rb2+ 48.
Kc5 Kf7 49. a6 Ke7 50. a7 Ra2 51. Kb6 1-0

[Event "NJSK 2024 B"]
[Site "Groningen, Netherlands"]
[Date "2024.05.03"]
[Round "7.6"]
[White "Lopes, Samuel"]
[Black "Kumar, Prajit Sai"]
[Result "0-1"]
[TimeControl "90min/40moves + 30min + 30sec/move"]
[WhiteElo "1906"]
[BlackElo "2211"]

1. e4 c5 2. Nf3 Nc6 3. Bc4 Nf6 4. e5 Ng4 5. Qe2 f6 6. exf6 Nxf6 7. O-O e6 8. c3 d5 9. Bb5 Bd6 10.
d4 O-O 11. Bg5 Qc7 12. Bh4 Bd7 13. Bg3 Bxg3 14. hxg3 Rae8 15. Bxc6 Bxc6 16. Ne5 Nd7 17. Nxd7 Bxd7 18. Re1 Rf5 19. f4 g5 20. Rf1 Ref8 21.
Nd2 Qb6 22. Nf3 Bb5 23. dxc5 Qa6 24.
Qd2 Bxf1 25. Rxf1 gxf4 26. Nd4 R5f6 27. Rxf4 e5 28. Rg4+ Rg6 29. Rxg6+ hxg6 30. Nf3 Qe6 31. Ng5 Qd7 32.
Nf3 e4 33. Nh2 Qf5 34. b4 e3 35. Qe1 Qd3 36. Ng4 e2 37. Nf2 Qe3 0-1

[Event "NJSK 2024 B"]
[Site "Groningen, Netherlands"]
[Date "2024.05.03"]
[Round "7.7"]
[White "Krylov, Philippe"]
[Black "Roolvink, William"]
[Result "1-0"]
[TimeControl "90min/40moves + 30min + 30sec/move"]
[WhiteElo "2007"]
[BlackElo "1966"]

1. d4 d5 2. c4 c6 3. Nf3 Nf6 4. Qc2 e6 5. e3 Nbd7 6. Nc3 Bd6 7. Bd3 dxc4 8. Bxc4 b5 9. Be2 Bb7 10. O-O O-O 11. Rd1 a6 12. e4 Be7 13. e5 Nd5 14. Ne4 Qb6 15. Neg5 g6 16. Qe4 Kg7 17. Bd3 c5 18. h4 Nc3 19. Qf4 Nxd1 20. h5 Bxf3 21. gxf3 Bxg5 22. Qxg5 f5 23. Qh6+ Kg8 24. hxg6 Nf6 25. exf6 Qc7 26. Bf4 Qd7 27.
f7+ Rxf7 28. gxf7+ Qxf7 29. Qg5+ Kf8 30. Rxd1 cxd4 31. Be5 1-0

[Event "NJSK 2024 B"]
[Site "Groningen, Netherlands"]
[Date "2024.05.03"]
[Round "7.8"]
[White "Fallaux, Storm"]
[Black "Ponomarev, Ivan"]
[Result "1-0"]
[TimeControl "90min/40moves + 30min + 30sec/move"]
[WhiteElo "1905"]
[BlackElo "1924"]

1. e4 c5 2. Nf3 e6 3. d4 cxd4 4. Nxd4 Nc6 5. Nc3 Qc7 6. g3 a6 7. Bg2 Nf6 8. O-O Nxd4 9. Qxd4 Bc5 10. Bf4 d6 11. Qd2 O-O 12. Rad1 e5 13. Bg5 Ng4 14. b4 Nxf2 15. Rxf2 Bxf2+ 16. Kxf2 Be6 17. Nd5 Bxd5 18. Qxd5 Qb6+ 19. Be3 Qxb4 20. Qxd6 Qa4 21. Qxe5 Rac8 22. Qd5 Rxc2+ 23. Rd2 b5 24. e5 Rxd2+ 25. Bxd2 b4 26. Qc4 a5 27. Be3 Qa3 28. Bd4 a4 29. Bd5 Kh8 30. Kg2 b3 31. axb3 axb3 32. Qxb3 Qc1 33. Bxf7 Qc6+ 34. Qd5 Qc2+ 35. Kh1 Qd1+ 36.
Bg1 Qf1 37. e6 h6 38. e7 1-0

[ePGN "0.1;DGT LiveChess/2.2.6"]

[Event "NJSK 2024 C"]
[Site "Groningen, Netherlands"]
[Date "2024.04.27"]
[Round "1.1"]
[White "Ritzerveld, Noah"]
[Black "Okita, Shinsaku"]
[Result "1-0"]
[TimeControl "90min/40moves + 30min + 30sec/move"]
[WhiteElo "2103"]
[BlackElo "1826"]

1. e4 c5 2. Nf3 d6 3. d4 cxd4 4. Nxd4 Nf6 5. Nc3 a6 6. Be2 e5 7. Nb3 Be7 8. Be3 Be6 9. Nd5 Nxd5 10.
exd5 Bf5 11. O-O O-O 12. Qd2 Nd7 13. Na5 Qc7 14. c4 Rfe8 15. b4 Bg6 16. Rac1 f5 17. f4 exf4 18. Bxf4 Qb6+ 19.
Kh1 Bf6 20. Bf3 Rac8 21. c5 dxc5 22. Nc4 Qxb4 23. Nd6 Be5 24. Qxb4 cxb4 25. Rxc8 Rxc8 26. Nxc8 Bxf4 27. d6 Bg5 28.
Bxb7 a5 29. Bc6 Ne5 30. Ba4 f4 31. d7 Be4 32. Re1 Bxg2+ 33. Kxg2 f3+ 34. Kf1 Nc4 35. Bb3 1-0

[Event "NJSK 2024 C"]
[Site "Groningen, Netherlands"]
[Date "2024.04.27"]
[Round "1.2"]
[White "Haque, Nishaaz"]
[Black "Kurt, Sascha"]
[Result "0-1"]
[TimeControl "90min/40moves + 30min + 30sec/move"]
[WhiteElo "1803"]
[BlackElo "2096"]

1. e4 c5 2. c3 Nf6 3. e5 Nd5 4. Nf3 Nc6 5. d4 cxd4 6. cxd4 d6 7. Bb5 e6 8. Nc3 Nxc3 9. bxc3 dxe5 10.
Nxe5 Bd7 11. Nxd7 Qxd7 12. Bf4 Bd6 13. Be3 O-O 14. O-O Rfd8 15. Qg4 Be7 16. Bd3 Bf6 17. f4 Rac8 18. f5 e5 19.
Bg5 Qe7 20. Bh6 exd4 21. Bxg7 Qe3+ 22. Kh1 Ne5 0-1

[Event "NJSK 2024 C"]
[Site "Groningen, Netherlands"]
[Date "2024.04.27"]
[Round "1.3"]
[White "Aravindhan, Achyuth"]
[Black "Etienne, Ghilon"]
[Result "1-0"]
[TimeControl "90min/40moves + 30min + 30sec/move"]
[WhiteElo "2071"]
[BlackElo "1793"]

1. e4 e5 2. Nf3 Nc6 3. Bc4 Nf6 4. d4 exd4 5. e5 d5 6. Bb5 Ne4 7. Nxd4 Bd7 8. Bxc6 bxc6 9. O-O Bc5 10.
f3 Ng5 11. f4 Ne4 12. Be3 Bb6 13. Nd2 Nxd2 14. Qxd2 c5 15. Nf3 Bc6 16. Bf2 Qd7 17. Ng5 O-O-O 18. b4 c4 19. Bd4 h6 20.
Nf3 Rhe8 21. c3 Kb8 22. Qc2 Ba4 23. Qb2 a6 24. Rab1 Qf5 25. Bxb6 cxb6 26. Nd4 Qd7 27. Rbe1 Qc7 28.
e6 Qe7 29. Qf2 Qb7 30. f5 Ka7 31. Qg3 Rg8 32. Qh4 Rde8 33. f6 gxf6 34. Rxf6 fxe6 35. Rfxe6 Qg7 36. Re7+ 1-0

[Event "NJSK 2024 C"]
[Site "Groningen, Netherlands"]
[Date "2024.04.27"]
[Round "1.4"]
[White "Lalkota, Sai Pranav Tejas"]
[Black "Groenewoud, Joel"]
[Result "0-1"]
[TimeControl "90min/40moves + 30min + 30sec/move"]
[WhiteElo "1782"]
[BlackElo "2030"]

1. c4 Nf6 2. g3 g6 3. Bg2 Bg7 4. Nc3 O-O 5. Nf3 d6 6. O-O c6 7. d3 e5 8. e4 Nbd7 9. Nh4 Re8 10.
f4 exf4 11. Bxf4 Ne5 12. Nf3 Qb6+ 13. Kh1 Qxb2 14. Na4 Qa3 15. Bxe5 dxe5 16. c5 Nd7 17. Rc1 b5 18. cxb6 axb6 19.
Nc3 Qd6 20. Ng5 Rf8 21. Qb3 Bf6 22. Nf3 Ba6 23. Rcd1 Nc5 24. Qb1 Rfd8 25. Ne1 Bg7 26. Rf3 Ne6 27. Ne2 c5 28. Bh3 Ng5 29.
Bg2 Nxf3 30. Bxf3 c4 31. Nc3 cxd3 32. Nd5 Rab8 33. Nxd3 Bc4 34. N3b4 Bf8 35. Qc1 b5 36. Qg5 Kg7 37.
Na6 f6 38. Nxf6 Qxf6 39. Qxf6+ Kxf6 40. Nxb8 Rxb8 41. Rd7 Be7 42. g4 Ke6 43. Ra7 g5 0-1

[Event "NJSK 2024 C"]
[Site "Groningen, Netherlands"]
[Date "2024.04.27"]
[Round "1.5"]
[White "Grooten, Tommy"]
[Black "De Wit, Evan"]
[Result "1-0"]
[TimeControl "90min/40moves + 30min + 30sec/move"]
[WhiteElo "2018"]
[BlackElo "1769"]

1. d4 Nf6 2. c4 e6 3. Nc3 Bb4 4.
f3 b5 5.
e3 bxc4 6. Bxc4 O-O 7. a3 Bxc3+ 8. bxc3 d5 9. Bd3 c5 10. Ne2 Nbd7 11. e4 Bb7 12. e5 Ne8 13. O-O Rc8 14. f4 f6 15.
f5 Nc7 16. Nf4 fxe5 17. Nxe6 Nxe6 18. fxe6 Nb6 19. dxe5 Qe7 20. Bf5 Nc4 21. Qg4 Ba6 22. Bg5 Qc7 23. e7 Rxf5 24. Qxf5 1-0

[Event "NJSK 2024 C"]
[Site "Groningen, Netherlands"]
[Date "2024.04.27"]
[Round "1.6"]
[White "Winter, Sven"]
[Black "Chua, Ethan"]
[Result "0-1"]
[TimeControl "90min/40moves + 30min + 30sec/move"]
[WhiteElo "1768"]
[BlackElo "2000"]

1. e4 c6 2. d4 d5 3. e5 c5 4. dxc5 Nc6 5. Nf3 Bg4 6. Bb5 e6 7. c4 Bxc5 8. Nc3 Nge7 9. Bg5 O-O 10.
Bxc6 bxc6 11. O-O h6 12. Bh4 Qc7 13. cxd5 cxd5 14. Rc1 Nf5 15. Bg3 Qe7 16. Re1 a5 17. h3 Bxh3 18. gxh3 Nxg3 19.
Nd4 Qh4 20. fxg3 Qxg3+ 21. Kh1 Qxh3+ 22. Kg1 Qg3+ 23. Kf1 f6 0-1

[Event "NJSK 2024 C"]
[Site "Groningen, Netherlands"]
[Date "2024.04.27"]
[Round "1.7"]
[White "Zecha, Oscar"]
[Black "Tetova, Amir"]
[Result "1/2-1/2"]
[TimeControl "90min/40moves + 30min + 30sec/move"]
[WhiteElo "1998"]
[BlackElo "1767"]

1. e4 e6 2. d4 d5 3. e5 c5 4. c3 Nc6 5. Nf3 Nge7 6. Na3 Nf5 7. Nc2 Be7 8. Ne3 O-O 9. Be2 Bd7 10.
O-O a6 11. dxc5 Bxc5 12. Nxf5 exf5 13. Qxd5 Bb6 14. Rd1 Be6 15. Qxd8 Rb8 16. Qc8 Rbxc8 17. Bd2 Rcd8 18. Bf4 Bc7 19. Bg3 Rxd1+ 20. Bxd1 Re8 21. Bc2 g6 22. Rd1 Bxa2 23. b3 Na5 24. Rd7 Bb6 25. b4 Be6 26. Rd1 Nc6 27.
Ng5 h6 28. Nxe6 fxe6 29. Ba4 Rd8 30. Rxd8+ Bxd8 31. f4 b5 32. Bd1 Bb6+ 33. Kf1 g5 34. Bh5 Kf8 35. Bf3 Nd8 36. h3 a5 37.
Be2 axb4 38. cxb4 Nc6 39. fxg5 hxg5 40. Be1 Nxe5 41. Bxb5 Kf7 42. Ke2 Ng6 43. Bd2 Kf6 44. Be8 f4 45.
b5 Nh4 46. Bc6 Nf5 47. Kf3 Nd4+ 48. Kg4 Nxc6 49. bxc6 Bc7 50. h4 gxh4 51. Bxf4 e5 52. Bh2 Ke6 53. Kxh4 Kd6 54. Kg5 Kxc6 55.
Kf5 Bd8 56. Bxe5 Bh4 57. g4 Kd7 58. Bf6 Be1 59. g5 Ke8 60. Kg6 Bd2 1/2-1/2

[Event "NJSK 2024 C"]
[Site "Groningen, Netherlands"]
[Date "2024.04.27"]
[Round "1.8"]
[White "Klein Tuente, Sam"]
[Black "Ambrona Navarro, Himar"]
[Result "1-0"]
[TimeControl "90min/40moves + 30min + 30sec/move"]
[WhiteElo "1732"]
[BlackElo "1963"]

1. e4 c6 2. d4 d5 3. Nc3 dxe4 4. Nxe4 Nf6 5. Nxf6+ exf6 6. c3 Bd6 7. Bd3 O-O 8. Qc2 Re8+ 9.
Ne2 h5 10. Be3 Nd7 11. O-O-O b5 12. d5 c5 13. Bxb5 Rb8 14. c4 a6 15. Bc6 Qa5 16. Qa4 Qb6 17. Rd2 Rxe3 18. fxe3 Ne5 19.
Qc2 Ng4 20. e4 Be5 21. Rd3 Bxb2+ 22. Kb1 Be5+ 23. Rb3 Qa5 24. Rxb8 Bxb8 25. h3 Nf2 26. Rf1 Be5 27. Nc1 Nxe4 28.
Qxe4 Qc3 29. Qe2 Qa1+ 30. Kc2 g6 31. d6 Bf5+ 32. Rxf5 gxf5 33. d7 Qb2+ 34. Kd1 Qb6 35. Qd3 Bc7 36.
Bf3 Kf8 37. Bxh5 Ke7 38. Qd5 Qd6 39. Qxd6+ Bxd6 40. Bxf7 Kxd7 41. Bd5 Ke7 42. Ke2 f4 43. Kf3 f5 44. Nd3 Kf6 45. Nxf4 Kg5 46.
Ne6+ Kh4 47. Ng7 Kg5 48. Ne8 Be7 49. Nc7 a5 50. Nb5 Bf6 51. Be6 Be5 52. Na3 Bd4 53. Nc2 Be5 54. Ne3 f4 55.
Nd5 Bd6 56. Nc3 Kf6 57. Ne4+ 1-0

[Event "NJSK 2024 C"]
[Site "Groningen, Netherlands"]
[Date "2024.04.27"]
[Round "1.9"]
[White "Terlouw, Wouter"]
[Black "Frederiks, Jesse"]
[Result "1-0"]
[TimeControl "90min/40moves + 30min + 30sec/move"]
[WhiteElo "1961"]
[BlackElo "1718"]

1. d4 Nf6 2. Nf3 e6 3. g3 b6 4. Bg2 Bb7 5. c4 Be7 6. O-O O-O 7. d5 exd5 8. Nh4 c6 9. cxd5 Nxd5 10.
Nf5 Nc7 11. e4 Re8 12. Qg4 Ne6 13. Nc3 Na6 14. e5 Nac7 15. Ne4 Nd5 16. Ned6 Bxd6 17. Nxd6 Ba6 18. Rd1 Ne7 19. Nxe8 Qxe8 20.
f4 g6 21. Be3 Nf5 22. Bf2 Rc8 23. Be4 Neg7 24. Qf3 h5 25. h3 c5 26. Rd2 Nd4 27. Bxd4 cxd4 28. Rxd4 Rc7 29. Rad1 Qc8 30.
Qe3 Ne6 31. Rd6 Bb7 32. Bxb7 Qxb7 33. Qd3 Nc5 34. Qd5 Qa6 35. Rxg6+ 1-0

[Event "NJSK 2024 C"]
[Site "Groningen, Netherlands"]
[Date "2024.04.27"]
[Round "1.10"]
[White "Ngangbam, Chingthang"]
[Black "Guillaumond, Matthieu"]
[Result "1-0"]
[TimeControl "90min/40moves + 30min + 30sec/move"]
[WhiteElo "1713"]
[BlackElo "1945"]

1. e4 c5 2. Nf3 d6 3. d4 cxd4 4. Nxd4 Nf6 5. Nc3 a6 6. Be3 e5 7. Nb3 Be6 8. Be2 Be7 9. f3 h5 10.
Nd5 Nxd5 11. exd5 Bf5 12. O-O Nd7 13. Qd2 Rc8 14. c4 Bg6 15. Na5 Qc7 16. b4 f5 17. f4 Nf6 18. Bd3 Ng4 19. fxe5 dxe5 20. c5 e4 21. d6 Qd7 22. dxe7 exd3 23.
Nc4 Rc6 24. Nd6+ Rxd6 25. cxd6 Qxd6 26. Bf4 Qd4+ 27. Kh1 Kxe7 28. h3 Nf6 29. Bg5 Kf7 30. Bxf6 Kxf6 31. Rad1 Rc8 32. Rf3 Rc2 33.
Rxd3 Rxd2 34. Rxd4 Rxd4 35. Rxd4 Be8 36. Rd8 Bc6 37. Kg1 Ke7 38. Rd4 Ke6 39. Kf2 Ke5 40. Rd8 Bd5 41. a3 g5 42. g3 f4 43. gxf4+ gxf4 44. Rh8 Bf7 45. Rh7 Kf6 46.
Kf3 Bd5+ 47. Kxf4 Kg6 48. Rd7 Bg2 49. h4 Kf6 50. Rh7 Kg6 51. Rh8 Bd5 52. Rd8 Bh1 53. Rd6+ Kg7 54. Kg5 Bf3 55.
Rd7+ Kf8 56. Kf6 Ke8 57. Rh7 b5 58. Ra7 Kd8 59. Rxa6 Kc7 60. Kg5 1-0

[Event "NJSK 2024 C"]
[Site "Groningen, Netherlands"]
[Date "2024.04.27"]
[Round "1.11"]
[White "Darie, Aden"]
[Black "Kors, Siebe"]
[Result "1-0"]
[TimeControl "90min/40moves + 30min + 30sec/move"]
[WhiteElo "1923"]
[BlackElo "1668"]

1. e4 e5 2. Nf3 Nc6 3. Bb5 Nf6 4. d3 g6 5. O-O Bg7 6. Re1 O-O 7. c3 d5 8. exd5 Nxd5 9. Bxc6 bxc6 10.
Nxe5 Bxe5 11. Rxe5 Qd6 12. Re1 Ba6 13. d4 Rfe8 14. b3 Re6 15. Rxe6 Qxe6 16. c4 Re8 17. Bd2 Nf6 18. Nc3 Rd8 19.
Be3 Ng4 20. Qf3 f5 21. h3 Nxe3 22. fxe3 Bb7 23. Na4 Qc8 24. Nc5 Rd6 25. Rf1 Kg7 26. Qf2 Rd8 27. e4 Rf8 28. Qf4 Kg8 29.
e5 Re8 30. Qg5 Ba8 31. e6 Kg7 32. Rf3 f4 33. Rxf4 Rxe6 34. Rf5 1-0

[Event "NJSK 2024 C"]
[Site "Groningen, Netherlands"]
[Date "2024.04.27"]
[Round "1.12"]
[White "Van Haaften, Jelle"]
[Black "Leenen, Boyd"]
[Result "0-1"]
[TimeControl "90min/40moves + 30min + 30sec/move"]
[WhiteElo "1655"]
[BlackElo "1920"]

1. e4 e5 2. Bc4 Nf6 3. d4 Nc6 4. Nf3 exd4 5. O-O Nxe4 6. Nc3 Nd6 7. Qe2+ Be7 8. Nd5 Nxc4 9. Qxc4 O-O 10. Bf4 d6 11. Rfe1 Be6 12. Nxd4 Nxd4 13. Qxd4 Re8 14. Nxe7+ Qxe7 15.
Re3 f6 16. Rae1 Qf7 17. Rg3 Bxa2 18. Rf1 Bd5 19. Bh6 g6 20. f4 f5 21. b3 Be4 22. c4 Re6 23. h4 Qf6 24. Qf2 c5 25.
Rd1 Rae8 26. h5 Kf7 27. hxg6+ hxg6 28. Bg5 Qg7 29. Rh3 Rh8 30. Re3 Rh5 31. Bh4 Qh8 32. g3 a6 33. Qa2 Rxh4 34.
gxh4 Qxh4 35. Qh2 Qg4+ 36. Kf2 Qxd1 37. Rxe4 Qc2+ 0-1

[Event "NJSK 2024 C"]
[Site "Groningen, Netherlands"]
[Date "2024.04.27"]
[Round "1.13"]
[White "Koppenens, Oscar"]
[Black "Stylianou, Alexandros"]
[Result "1-0"]
[TimeControl "90min/40moves + 30min + 30sec/move"]
[WhiteElo "1893"]
[BlackElo "1642"]

1. e4 c5 2. Nf3 Nc6 3. d4 cxd4 4. Nxd4 g6 5. Be3 Bg7 6. Nc3 e6 7. Ndb5 Bxc3+ 8. bxc3 d5 9. exd5 exd5 10.
Qxd5 Bf5 11. Nd6+ 1-0

[Event "NJSK 2024 C"]
[Site "Groningen, Netherlands"]
[Date "2024.04.27"]
[Round "1.14"]
[White "De Jong, Lode"]
[Black "Roorda, Cas"]
[Result "1-0"]
[TimeControl "90min/40moves + 30min + 30sec/move"]
[WhiteElo "1587"]
[BlackElo "1828"]

1. d4 d5 2. c4 c6 3. Nf3 Nf6 4.
g3 Bf5 5. Nc3 e6 6. Nh4 dxc4 7. Nxf5 exf5 8. Bg2 Nbd7 9. O-O Nb6 10. a4 a5 11. Qc2 g6 12. e4 fxe4 13. Nxe4 Nxe4 14.
Qxe4+ Qe7 15. Qc2 Bg7 16. b3 Bxd4 17. Ba3 Qf6 18. Rae1+ Kd7 19. Rd1 Kc7 20. Qe4 Bc3 21. Bd6+ Kc8 22.
Bh3+ Nd7 23. Bxd7+ 1-0

[Event "NJSK 2024 C"]
[Site "Groningen, Netherlands"]
[Date "2024.04.28"]
[Round "2.1"]
[White "Terlouw, Wouter"]
[Black "Ritzerveld, Noah"]
[Result "1-0"]
[TimeControl "90min/40moves + 30min + 30sec/move"]
[WhiteElo "1961"]
[BlackElo "2103"]

1. d4 d5 2. Nf3 Nf6 3. e3 c6 4. Bd3 Bg4 5. h3 Bh5 6. c4 e6 7. Qb3 Qb6 8. Nc3 Nbd7 9. g4 Bg6 10.
Bxg6 hxg6 11. g5 Nh7 12. e4 dxe4 13. Nxe4 Bb4+ 14. Kf1 Be7 15. Bf4 O-O 16. c5 Qxb3 17. axb3 f6 18. Kg2 fxg5 19.
Bg3 Rf5 20. Rhe1 a6 21. Rad1 Raf8 22. Rd3 Rd8 23. Bd6 Bxd6 24. Nxd6 Rd5 25. Rde3 Nhf8 26. Nxb7 Rb8 27. Na5 Rc8 28.
Nc4 Rc7 29. Ra1 Nb8 30. Re4 Rf7 31. Ne3 Rd8 32. Nxg5 Rb7 33. Ra3 Re7 34. Nc4 Rd5 35. h4 Rd8 36. Nd6 Rdd7 37. b4 Nh7 38.
Nxh7 Kxh7 39. Rae3 Rd8 40. Rxe6 Rxe6 41. Rxe6 Nd7 42.
Re7 Nf6 43. Rc7 Rb8 44. Rxc6 Rxb4 45. Rxa6 Rxd4 46. c6 Rxd6 47. c7 Rxa6 48. c8=Q Ra4 49. Qc6 Rb4 50. Qc3 Rg4+ 51. Kh3 Rf4 52.
Qd2 Rf3+ 53. Kg2 Rb3 54. f3 Rb5 55. Kg3 Rb3 56. Qc2 Rb4 57. Qc3 Rb5 58. b4 Nd5 59. Qc4 Rxb4 60. Qxd5 Rb6 61.
Kg4 Rf6 62. h5 gxh5+ 63. Qxh5+ Kg8 64. f4 Rh6 65. Qe8+ Kh7 66. Kg5 Rb6 67. Qe4+ Kh8 68. Qh1+ Kg8 69. Qh3 Rf6 70. Qc8+ Kh7 71.
Qd8 Rg6+ 72. Kf5 Rc6 73. Ke5 Rh6 74. Qe7 Rg6 75. Qf7 Rh6 76. Ke4 Rf6 77. Qe7 Rh6 78. Kf5 Rc6 79. Qe4 Rh6 80.
Ke5+ Kh8 81. Qf5 Kg8 82. Qg5 Kh7 83. Qd8 Rc6 84. Qd3+ Kh8 85. Qh3+ Kg8 86. Qh4 Rh6 87. Qg5 Kh7 88.
Kf5 Rb6 89. Qh5+ Rh6 90. Qf7 Rb6 91. Kg5 Rb5+ 92. Kg4 Rb6 93. Qf5+ Kh8 94. Qh5+ Rh6 95. Qe8+ Kh7 96. Kg5 Rf6 97.
Qe4+ Kh8 98. Qh1+ Kg8 99. f5 Rh6 100. Qa8+ Kh7 101. Kf4 Rf6 102. Ke5 Rh6 103. Qe8 Rf6 104. Qe6 Rf8 105.
Qe7 Kg8 106. Ke6 Ra8 107. Qf7+ Kh8 108. Qb7 Rf8 109. Qd5 Rf6+ 110. Ke7 Ra6 111. Qe6 Ra7+ 112. Kf8 Ra8+ 113. Kf7 Ra7+ 114. Kg6 Ra8 115. f6 Rg8 116. Qh3# 1-0

[Event "NJSK 2024 C"]
[Site "Groningen, Netherlands"]
[Date "2024.04.28"]
[Round "2.2"]
[White "Kurt, Sascha"]
[Black "Darie, Aden"]
[Result "1-0"]
[TimeControl "90min/40moves + 30min + 30sec/move"]
[WhiteElo "2096"]
[BlackElo "1923"]

1. e4 c6 2. d4 d5 3. e5 c5 4. dxc5 e6 5. Be3 Nd7 6. b4 Nxe5 7. Nf3 Nxf3+ 8. Qxf3 Qf6 9. Qxf6 Nxf6 10.
f3 Bd7 11. c3 Be7 12. Nd2 O-O 13. Bd3 a5 14. a3 b6 15. cxb6 axb4 16. cxb4 d4 17. Bxd4 Bc6 18. Ke2 Rfb8 19.
Rhc1 Bb7 20. Bc5 Bd8 21. a4 Nd5 22. Bd6 Bxb6 23. Bxb8 Rxb8 24. Be4 Bd4 25. Rab1 Nc3+ 26. Rxc3 Bxc3 27.
Bxb7 Bxd2 28. Kxd2 Rxb7 29. b5 Kf8 30. a5 Ke7 31. b6 Kd8 32. Rc1 Kd7 33. Kc3 Kc8 34. Kb4+ Kb8 35. Rd1 Re7 36.
a6 Re8 37. Kb5 e5 38. a7+ Ka8 39. Ka6 1-0

[Event "NJSK 2024 C"]
[Site "Groningen, Netherlands"]
[Date "2024.04.28"]
[Round "2.3"]
[White "Leenen, Boyd"]
[Black "Aravindhan, Achyuth"]
[Result "1/2-1/2"]
[TimeControl "90min/40moves + 30min + 30sec/move"]
[WhiteElo "1920"]
[BlackElo "2071"]

1. d4 Nf6 2. c4 g6 3. Nc3 Bg7 4. e4 d6 5. h3 O-O 6. Be3 e5 7. Nf3 Nc6 8. dxe5 dxe5 9. Qxd8 Rxd8 10.
Be2 Nd4 11. Nxd4 exd4 12. O-O-O c5 13. Bg5 Re8 14. Bxf6 Bxf6 15. Nd5 Bd8 16. Bd3 Bd7 17. f4 Bc6 18. Rde1 Kg7 19. g3 Ba5 20.
Re2 Rad8 21. Rhh2 a6 22. b3 b5 23. g4 bxc4 24. Bxc4 Bxd5 25. exd5 Bc7 26. Rhf2 Rxe2 27. Rxe2 Bxf4+ 28. Kc2 Be3 29. Bxa6 Ra8 30. Bc4 Rxa2+ 31. Kd3 Ra1 32. d6 Kf8 33. Ke4 Ke8 34. Kd5 Kd8 35. Kc6 f6 36. Kd5 1/2-1/2

[Event "NJSK 2024 C"]
[Site "Groningen, Netherlands"]
[Date "2024.04.28"]
[Round "2.4"]
[White "Groenewoud, Joel"]
[Black "Koppenens, Oscar"]
[Result "1-0"]
[TimeControl "90min/40moves + 30min + 30sec/move"]
[WhiteElo "2030"]
[BlackElo "1893"]

1. e4 c5 2. Nf3 d6 3. d4 cxd4 4. Nxd4 Nf6 5. Nc3 e5 6. Bb5+ Nbd7 7. Nf5 d5 8. exd5 a6 9. Bxd7+ Qxd7 10.
Ne3 b5 11. a4 b4 12. Ne2 Bb7 13. c4 bxc3 14. Nxc3 Rd8 15. Qe2 Bb4 16. O-O Bxc3 17. bxc3 Nxd5 18. Ba3 Nf4 19. Qc4 Nxg2 20.
Nxg2 Qh3 21. f3 Rd2 22. Rf2 Rxf2 23. Kxf2 Qxf3+ 24. Ke1 Qxg2 25. Qc7 Qe4+ 26. Kd2 Qd5+ 27. Kc2 Qd7 28. Qxe5+ Qe6 29.
Qb8+ Bc8 30. Re1 Kd7 31. Rxe6 Kxe6 32. Qd6+ Kf5 33. Qd5+ Kg6 34. Qg2+ Kf6 35. c4 Bf5+ 36. Kc1 Rc8 37. c5 g5 38. Qd5 Be6 39. Qd6 Kg7 40. Bb2+ Kg8 41.
c6 Bb3 42. c7 Be6 43. Qd8+ Rxd8 44. cxd8=Q# 1-0

[Event "NJSK 2024 C"]
[Site "Groningen, Netherlands"]
[Date "2024.04.28"]
[Round "2.5"]
[White "Klein Tuente, Sam"]
[Black "Grooten, Tommy"]
[Result "0-1"]
[TimeControl "90min/40moves + 30min + 30sec/move"]
[WhiteElo "1732"]
[BlackElo "2018"]

1. e4 c5 2. Nf3 e6 3. c3 Nf6 4. e5 Nd5 5. d4 cxd4 6. cxd4 d6 7. Bb5+ Bd7 8. Bxd7+ Nxd7 9. O-O Qc7 10.
exd6 Bxd6 11. Bd2 O-O 12. Nc3 Nxc3 13. Bxc3 Nf6 14. Rc1 Qb6 15. Ne5 Rfd8 16. Qe2 Rac8 17. Kh1 Bxe5 18. dxe5 Nd5 19.
f4 g6 20. Rf3 Nxc3 21. bxc3 Rd5 22. Rd1 Qb2 23. Qe1 Rcd8 24.
Rxd5 Rxd5 25. Rf2 Qxc3 26. Qe2 Qb2 27. g3 Qxe2 28. Rxe2 h6 29. Kg2 Kg7 30. Kf3 a5 31. a4 Rd3+ 32.
Kg4 Rd4 33. Ra2 g5 34. Ra3 Kg6 35. h4 h5+ 36. Kh3 gxf4 37. g4 Re4 38. Rb3 Re3+ 39. Rxe3 fxe3 0-1

[Event "NJSK 2024 C"]
[Site "Groningen, Netherlands"]
[Date "2024.04.28"]
[Round "2.6"]
[White "Chua, Ethan"]
[Black "Ngangbam, Chingthang"]
[Result "1-0"]
[TimeControl "90min/40moves + 30min + 30sec/move"]
[WhiteElo "2000"]
[BlackElo "1713"]

1. e4 c5 2. Nf3 d6 3. d4 cxd4 4. Nxd4 Nf6 5. Nc3 g6 6. Be3 Bg7 7. f3 Nc6 8. Qd2 O-O 9. g4 a6 10.
h4 Nxd4 11. Bxd4 b5 12. h5 b4 13. Nd5 Be6 14. hxg6 fxg6 15. Nf4 Bf7 16. Nh3 e5 17. Be3 d5 18. Bc5 Re8 19. Ng5 Qc7 20.
Bxb4 dxe4 21. Ba5 Qb7 22. Nxf7 Qxf7 23. b3 Qb7 24. Bc4+ Kh8 25. g5 Nh5 26. Bd5 Qb5 27. c4 Qc5 28.
fxe4 Rab8 29. O-O-O Nf4 30. Kb1 Rec8 31. Bc3 Rd8 32. Qh2 Nh5 33. Bxe5 Rb6 34. Bxg7+ Kxg7 35. Qe5+ 1-0

[Event "NJSK 2024 C"]
[Site "Groningen, Netherlands"]
[Date "2024.04.28"]
[Round "2.7"]
[White "Tetova, Amir"]
[Black "De Jong, Lode"]
[Result "0-1"]
[TimeControl "90min/40moves + 30min + 30sec/move"]
[WhiteElo "1767"]
[BlackElo "1587"]

1. d4 Nf6 2. Bf4 g6 3. e3 Bg7 4.
Nf3 O-O 5. Be2 d6 6. h3 Nbd7 7. O-O b6 8. c4 Bb7 9. Nc3 Ne4 10. a4 e5 11. Bh2 Nxc3 12. bxc3 a5 13. Rb1 Qe7 14.
d5 Nc5 15. Qc2 Bc8 16. Ra1 Bf5 17. Qd1 Qe8 18. Ra3 Bd7 19. Nd2 Bxa4 20. Qb1 f5 21. Bd1 Bd7 22. f3 Qe7 23. Bg3 Qg5 24.
Bf2 f4 25. h4 Qh6 26. exf4 exf4 27. Ne4 Nxe4 28. fxe4 Bf6 29. Bf3 Bxh4 30. Qd1 Bg3 31. Bxg3 fxg3 32. Re1 Qh2+ 33. Kf1 Rxf3+ 34. Qxf3 Rf8 35. Qxf8+ Kxf8 36. Raa1 Bg4 0-1